Workbook
Name _ftn1: 'Tavola 10'!#REF!
Name _ftn2: 'Tavola 10'!#REF!

Sheet Indice
B1: Bollettino Statistico - Il reporting Solvency II: dati al 30 giugno 2019 - Indice delle tavole
B2: ='Tavola 1'!A1 -> Tavola 1 - Stato patrimoniale delle imprese nazionali al 30 giugno 2018 e 30 giugno 2019
B3: ='Tavola 2'!A1 -> Tavola 2 - Stato patrimoniale dei gruppi assicurativi al 30 giugno 2018 e 30 giugno 2019
B4: ='Tavola 3'!A1 -> Tavola 3 - Investimenti vita e danni al 30 giugno 2018 e 30 giugno 2019
B5: ='Tavola 4'!A1 -> Tavola 4 - Andamento trimestrale delle Riserve tecniche vita e danni dal 30 giugno 2018 al 2019
B6: ='Tavola 5'!A1 -> Tavola 5 - Riserve tecniche vita*
B7: ='Tavola 6a'!A1 -> Tavola 6a - Riserve tecniche danni per LoB al 30 giugno 2018
B8: ='Tavola 6b'!A1 -> Tavola 6b - Riserve tecniche danni per LoB al 30 giugno 2019
B9: ='Tavola 7'!A1 -> Tavola 7 - Requisiti patrimoniali
B10: ='Tavola 8'!A1 -> Tavola 8 - Fondi propri ammissibili a copertura del requisito patrimoniale di solvibilità (SCR)
B11: ='Tavola 9'!A1 -> Tavola 9 - Riserva di riconciliazione e EPIFP
B12: ='Tavola 10'!A1 -> Tavola 10 - Solvibilità dei gruppi assicurativi

Sheet Tavola 1
A1: Tavola 1 - Stato patrimoniale delle imprese nazionali al 30 giugno 2018 e 30 giugno 2019
A2: (milioni di euro)
B3: Vita | D3: Danni | F3: Miste | H3: Totale
B4: 2018 | C4: 2019 | D4: 2018 | E4: 2019 | F4: 2018 | G4: 2019 | H4: 2018 | I4: 2019 | J4: Var %
A5: Attivo
A6: Investimenti (esclusi attivi index e unit linked) | B6: 389350.51 | C6: 417903 | D6: 15781.78 | E6: 16491 | F6: 280873.79 | G6: 298579 | H6: =+B6+D6+F6 -> 686006.08 | I6: =+C6+E6+G6 -> 732973 | J6: =+(I6-H6)/I6 -> 0.064077281
A7: Attivi per index e unit linked | B7: 135488.42 | C7: 141497 | D7: 0 | E7: 0 | F7: 20442.749 | G7: 24052 | H7: =+B7+D7+F7 -> 155931.17 | I7: =+C7+E7+G7 -> 165549 | J7: =+(I7-H7)/I7 -> 0.058096596
A8: Mutui e prestiti | B8: 110.61231 | C8: 458 | D8: 55.79 | E8: 70 | F8: 6614.5915 | G8: 7497 | H8: =+B8+D8+F8 -> 6780.9938 | I8: =+C8+E8+G8 -> 8025 | J8: =+(I8-H8)/I8 -> 0.15501635
A9: Importi recuperabili da riassicuratore | B9: 2045.0776 | C9: 1471 | D9: 1866.59 | E9: 1949 | F9: 7920.1888 | G9: 8329 | H9: =+B9+D9+F9 -> 11831.856 | I9: =+C9+E9+G9 -> 11749 | J9: =+(I9-H9)/I9 -> -0.007052205
A10: Attività fiscali differite | B10: 1784.9513 | C10: 4353 | D10: 407.06 | E10: 401 | F10: 1365.0417 | G10: 1857 | H10: =+B10+D10+F10 -> 3557.0531 | I10: =+C10+E10+G10 -> 6611 | J10: =+(I10-H10)/I10 -> 0.46194932
A11: Altre attività | B11: 16411.753 | C11: 16365 | D11: 3339.41 | E11: 3486 | F11: 26440.523 | G11: 27617 | H11: =+B11+D11+F11 -> 46191.686 | I11: =+C11+E11+G11 -> 47468 | J11: =+(I11-H11)/I11 -> 0.026887889
A12: Totale attivo | B12: =SUM(B6:B11) -> 545191.32 | C12: =SUM(C6:C11) -> 582047 | D12: =SUM(D6:D11) -> 21450.63 | E12: =SUM(E6:E11) -> 22397 | F12: =SUM(F6:F11) -> 343656.89 | G12: =SUM(G6:G11) -> 367931 | H12: =+B12+D12+F12 -> 910298.84 | I12: =+C12+E12+G12 -> 972375 | J12: =+(I12-H12)/I12 -> 0.063839734
A13: Passivo
A14: Riserve tecniche danni | B14: 4.3736004 | C14: 8 | D14: 12056.51 | E14: 12398 | F14: 40006.888 | G14: 40197 | H14: =+B14+D14+F14 -> 52067.772 | I14: =+C14+E14+G14 -> 52603 | J14: =+(I14-H14)/I14 -> 0.010174862
A15: Riserve tecniche vita - escluse linked | B15: 370432.49 | C15: 400236 | D15: 31.19 | E15: 0 | F15: 166983.7 | G15: 181969 | H15: =+B15+D15+F15 -> 537447.38 | I15: =+C15+E15+G15 -> 582205 | J15: =+(I15-H15)/I15 -> 0.07687605
A16: Riserve index e unit linked | B16: 132053.35 | C16: 137880 | D16: 0 | E16: 0 | F16: 15091.92 | G16: 22016 | H16: =+B16+D16+F16 -> 147145.27 | I16: =+C16+E16+G16 -> 159896 | J16: =+(I16-H16)/I16 -> 0.079743904
A17: Altre passività | B17: 17778.726 | C17: 18375 | D17: 2934 | E17: 3408 | F17: 46122.16 | G17: 50186 | H17: =+B17+D17+F17 -> 66834.886 | I17: =+C17+E17+G17 -> 71969 | J17: =+(I17-H17)/I17 -> 0.071337849
A18: Totale passivo | B18: =SUM(B14:B17) -> 520268.94 | C18: =SUM(C14:C17) -> 556499 | D18: =SUM(D14:D17) -> 15021.7 | E18: =SUM(E14:E17) -> 15806 | F18: =SUM(F14:F17) -> 268204.67 | G18: =SUM(G14:G17) -> 294368 | H18: =+B18+D18+F18 -> 803495.31 | I18: =+C18+E18+G18 -> 866673 | J18: =+(I18-H18)/I18 -> 0.072896806
A19: Eccedenza attività su passività | B19: =+B12-B18 -> 24922.384 | C19: =+C12-C18 -> 25548 | D19: =+D12-D18 -> 6428.93 | E19: =+E12-E18 -> 6591 | F19: =+F12-F18 -> 75452.219 | G19: =+G12-G18 -> 73563 | H19: =+B19+D19+F19 -> 106803.53 | I19: =+C19+E19+G19 -> 105702 | J19: =+(I19-H19)/I19 -> -0.010421115
A20: Eccedenza attività su passività | B20: 27221 | C20: 24922 | D20: 5744 | E20: 6429 | F20: 107414 | G20: 75452 | H20: 109879 | I20: 106804 | J20: -0.028

Sheet Tavola 2
A1: Tavola 2 - Stato patrimoniale dei gruppi assicurativi al 30 giugno 2018 e 30 giugno 2019
B2: 2018 | C2: 2019 | D2: var %
A3: Attivo
A4: Attività fiscali differite | B4: 4611.6334 | C4: 7705.9094 | D4: =+C4/B4-1 -> 0.67097182
A5: Investimenti (esclusi attivi index e unit linked) | B5: 707381.33 | C5: 703326.03 | D5: =+C5/B5-1 -> -0.0057328288
A6: Attivi per index e unit linked | B6: 198456.22 | C6: 198481.81 | D6: =+C6/B6-1 -> 0.00012890633
A7: Mutui e prestiti | B7: 7361.2879 | C7: 7751.6518 | D7: =+C7/B7-1 -> 0.053029299
A8: Importi recuperabili da riassicuratore | B8: 7713.0601 | C8: 7701.0858 | D8: =+C8/B8-1 -> -0.0015524722
A9: Altre attività | B9: 48202.107 | C9: 51735.73 | D9: =+C9/B9-1 -> 0.073308475
A10: Totale attivo | B10: =SUM(B4:B9) -> 973725.64 | C10: 976702.22 | D10: =+C10/B10-1 -> 0.0030568927
A11: Passivo
A12: Riserve tecniche danni | B12: 53566.105 | C12: 53912.281 | D12: =+C12/B12-1 -> 0.0064626034
A13: Riserve tecniche vita - escluse linked | B13: 588316.91 | C13: 584764.94 | D13: =+C13/B13-1 -> -0.0060375244
A14: Riserve index e unit linked | B14: 196706.47 | C14: 201131.21 | D14: =+C14/B14-1 -> 0.022494119
A15: Altre passività | B15: 71299.213 | C15: 73133.614 | D15: =+C15/B15-1 -> 0.025728201
A16: Totale passivo | B16: =SUM(B12:B15) -> 909888.7 | C16: =SUM(C12:C15) -> 912942.04 | D16: =+C16/B16-1 -> 0.0033557269
A17: Eccedenza attività su passività | B17: =+B10-B16 -> 63836.942 | C17: =+C10-C16 -> 63760.178 | D17: =+C17/B17-1 -> -0.0012024881

Sheet Tavola 3
A1: Tavola 3 - Investimenti vita e danni al 30 giugno 2018 e 30 giugno 2019
A2: (milioni di euro e valori percentuali)
B3: 2018 | C3: % | D3: 2019 | E3: % | F3: var % 2019/18
A4: Investimenti non destinati a contratti index e unit linked
A5: Titoli di Stato | B5: 352209 | C5: =+B5/$B$18 -> 0.51341971 | D5: 386521 | E5: =+D5/$D$18 -> 0.5273332 | F5: =+(D5-B5)/D5 -> 0.088771373
A6: di cui: titoli di Stato italiani | B6: 299704 | C6: =+B6/$B$18 -> 0.43688248 | D6: 314530.95 | E6: =+D6/$D$18 -> 0.42911669 | F6: =+(D6-B6)/D6 -> 0.047139867
A7: Obbligazioni societarie | B7: 138754 | C7: =+B7/$B$18 -> 0.20226354 | D7: 146288 | E7: =+D7/$D$18 -> 0.1995817 | F7: =+(D7-B7)/D7 -> 0.051501148
A8: Strumenti di capitale quotati | B8: 8933 | C8: =+B8/$B$18 -> 0.013021752 | D8: 9710 | E8: =+D8/$D$18 -> 0.013247418 | F8: =+(D8-B8)/D8 -> 0.080020597
A9: Strumenti di capitale non quotati | B9: 2790 | C9: =+B9/$B$18 -> 0.0040670198 | D9: 2857 | E9: =+D9/$D$18 -> 0.0038978243 | F9: =+(D9-B9)/D9 -> 0.023451173
A10: OICVM | B10: 79470 | C10: =+B10/$B$18 -> 0.11584447 | D10: 89433 | E10: =+D10/$D$18 -> 0.12201404 | F10: =+(D10-B10)/D10 -> 0.11140183
A11: Obbligazioni strutturate | B11: 14663 | C11: =+B11/$B$18 -> 0.021374449 | D11: 10046 | E11: =+D11/$D$18 -> 0.013705825 | F11: =+(D11-B11)/D11 -> -0.4595859
A12: Titoli garantiti | B12: 2360 | C12: =+B12/$B$18 -> 0.0034402031 | D12: 1944 | E12: =+D12/$D$18 -> 0.0026522123 | F12: =+(D12-B12)/D12 -> -0.21399177
A13: Depositi diversi da equivalenti a contante | B13: 943 | C13: =+B13/$B$18 -> 0.0013746235 | D13: 346 | E13: =+D13/$D$18 -> 0.00047205013 | F13: =+(D13-B13)/D13 -> -1.7254335
A14: Immobili (diversi da quelli per uso proprio) | B14: 5211 | C14: =+B14/$B$18 -> 0.0075961435 | D14: 4542 | E14: =+D14/$D$18 -> 0.0061966812 | F14: =+(D14-B14)/D14 -> -0.14729194
A15: Altri investimenti | B15: 17 | C15: =+B15/$B$18 -> 2.4781124e-05 | D15: 17 | E15: =+D15/$D$18 -> 2.3193214e-05 | F15: =+(D15-B15)/D15 -> 0
A16: Derivati | B16: 440 | C16: =+B16/$B$18 -> 0.00064139381 | D16: 508 | E16: =+D16/$D$18 -> 0.00069306782 | F16: =+(D16-B16)/D16 -> 0.13385827
A17: Quote detenute in imprese partecipate, incluse le partecipazioni | B17: 80215 | C17: =+B17/$B$18 -> 0.11693046 | D17: 80761 | E17: =+D17/$D$18 -> 0.11018278 | F17: =+(D17-B17)/D17 -> 0.0067606889
A18: Totale (A) | B18: 686006 | C18: =+B18/$B$18 -> 1 | D18: =SUM(D5+SUM(D7:D17)) -> 732973 | E18: =+D18/$D$18 -> 1 | F18: =+(D18-B18)/D18 -> 0.064077394
A19: Investimenti detenuti per contratti index e unit linked (B) | B19: 155931 | D19: 165549 | F19: =+(D19-B19)/D19 -> 0.058097603
A20: Totale (A)+(B) | B20: =+B18+B19 -> 841937 | D20: =+D18+D19 -> 898522 | F20: =+(D20-B20)/D20 -> 0.062975642

Sheet Tavola 4
A1: Tavola 4 - Andamento trimestrale delle Riserve tecniche vita e danni dal 30 giugno 2018 al 2019
A2: (milioni di euro e valori percentuali)
B3: 30/06/2018 (1) | C3: 43373 | D3: 43465 | E3: 43555 | F3: 30/06/2019 (2) | G3: Var. (2)/(1)
A4: Vita
A5: Best Estimate | B5: 677807.24 | C5: 675033.09 | D5: 673247.51 | E5: 704756.05 | F5: 729178.18 | G5: 0.075789884
A6: Risk Margin | B6: 5399.9362 | C6: 5589.3751 | D6: 5589.3751 | E6: 5589.3751 | F6: 5589.3751 | G6: 0.03508168
A7: TP calculated as a whole | B7: 934.05646 | C7: 909.5164 | D7: 897.09496 | E7: 946.93391 | F7: 953.72089 | G7: 0.021052721
A8: Totale | B8: 684141.24 | C8: 681531.98 | D8: 679733.98 | E8: 711292.36 | F8: 735721.27 | G8: 0.075393841
A9: Danni
A10: BE - claim | B10: 38596 | C10: 38973.565 | D10: 38022.646 | E10: 38973.565 | F10: 38420.19 | G10: -0.0045551347
A11: BE - premium | B11: 11646 | C11: 10536.754 | D11: 11672.371 | E11: 10536.754 | F11: 12062.563 | G11: 0.035768775
A12: Risk Margin | B12: 2121 | C12: 2118.6528 | D12: 2027.4486 | E12: 2118.6528 | F12: 2115.3017 | G12: -0.0026865884
A13: TP calculated as a whole | B13: 0 | C13: 0 | D13: 2.4510706 | E13: 0 | F13: 3.801352
A14: Totale | B14: 52363 | C14: 51628.972 | D14: 51724.917 | E14: 51628.972 | F14: 52601.856 | G14: 0.0045615467
A15: Totale vita e danni | B15: 736504.24 | C15: 733160.95 | D15: 731458.9 | E15: 762921.34 | F15: 788323.13 | G15: 0.0703579

Sheet Tavola 5
A1: Tavola 5 - Riserve tecniche vita*
B2: (milioni di euro)
B3: 43281 | C3: 43373 | D3: 43465 | E3: 43555 | F3: 43646
A4: With Profit
A5: Best Estimate | B5: 524339 | C5: 524849 | D5: 525258 | E5: 547227 | F5: 568172
A6: Risk margin | B6: 3990 | C6: 4181 | D6: 4181 | E6: 4181 | F6: 4181
A7: TP as a whole | B7: 0 | C7: 0 | D7: 0 | E7: 0 | F7: 0
A8: Totale | B8: 528328 | C8: 529031 | D8: 529439 | E8: 551408 | F8: 572353
A9: Index e Unit Linked
A10: Best Estimate | B10: 145225 | C10: 147645 | D10: 145208 | E10: 154671 | F10: 157982
A11: Risk margin | B11: 819 | C11: 867 | D11: 867 | E11: 867 | F11: 867
A12: TP as a whole | B12: 890 | C12: 871 | D12: 859 | E12: 909 | F12: 916
A13: Totale | B13: 146935 | C13: 149384 | D13: 146935 | E13: 156447 | F13: 159765
A14: Totale complessivo | B14: 675263 | C14: 678415 | D14: 676374 | E14: 707855 | F14: 732118
A15: * solo prodotti with profit e index e unit linked

Sheet Tavola 6a
A1: Tavola 6a - Riserve tecniche danni per LoB al 30 giugno 2018
A2: (milioni di euro)
B3: BE | C3: BE Claim | D3: Risk margin | E3: Totale
B4: Premium
A5: Spese mediche | B5: 669.46057 | C5: 1072.6448 | D5: 62.772918 | E5: 1804.8783
A6: Protezione del reddito | B6: 947.36765 | C6: 1799.5899 | D6: 146.33231 | E6: 2893.2899
A7: Risarcimento dei lavoratori | B7: 0 | C7: 0 | D7: 0 | E7: 0
A8: Responsabilità civile autoveicoli | B8: 4484.3008 | C8: 18482.765 | D8: 872.02957 | E8: 23839.095
A9: Altre assicurazioni | B9: 1115.7036 | C9: 530.87598 | D9: 65.764069 | E9: 1712.3437
A10: Assicurazione marittima, aeronautica e trasporti | B10: 145.47555 | C10: 690.54087 | D10: 23.31746 | E10: 859.33388
A11: Incendio e altri danni a beni | B11: 2287.9461 | C11: 3718.1813 | D11: 250.06627 | E11: 6256.1937
A12: Responsabilità civile generale | B12: 834.35125 | C12: 10099.018 | D12: 532.15793 | E12: 11465.527
A13: Credito e cauzione | B13: 450.95709 | C13: 1037.3444 | D13: 66.220758 | E13: 1554.5222
A14: Tutela giudiziaria | B14: 59.916579 | C14: 429.56429 | D14: 22.228111 | E14: 511.70898
A15: Assistenza | B15: 135.98815 | C15: 135.61511 | D15: 14.906368 | E15: 286.50963
A16: Perdite pecuniarie di vario genere | B16: 497.09124 | C16: 275.80316 | D16: 48.933369 | E16: 821.82776
A17: Totale | B17: =SUM(B5:B16) -> 11628.559 | C17: =SUM(C5:C16) -> 38271.943 | D17: =SUM(D5:D16) -> 2104.7291 | E17: 52005.231

Sheet Tavola 6b
A1: Tavola 6b - Riserve tecniche danni per LoB al 30 giugno 2019
A2: (milioni di euro)
B3: BE | C3: BE Claim | D3: Risk margin | E3: Totale | F3: Δ Tot 2019/2018
B4: Premium
A5: Spese mediche | B5: 797.97686 | C5: 1184.9725 | D5: 72.71554 | E5: 2055.6665 | F5: 0.13895016
A6: Protezione del reddito | B6: 1023.2534 | C6: 1852.5381 | D6: 153.29861 | E6: 3029 | F6: 0.046905125
A7: Risarcimento dei lavoratori | B7: 0.00372254 | C7: 0.00906146 | D7: 0.00023882 | E7: 0.01302282
A8: Responsabilità civile autoveicoli | B8: 4432.368 | C8: 18247.955 | D8: 807.40567 | E8: 23487.729 | F8: -0.01473908
A9: Altre assicurazioni | B9: 1211.4375 | C9: 619.59765 | D9: 68.10289 | E9: 1899.1381 | F9: 0.109087
A10: Assicurazione marittima, aeronautica e trasporti | B10: 145.12086 | C10: 776.19333 | D10: 26.63449 | E10: 947.94868 | F10: 0.10312034
A11: Incendio e altri danni a beni | B11: 2407.6868 | C11: 3796.0208 | D11: 274.15963 | E11: 6477.8672 | F11: 0.035432645
A12: Responsabilità civile generale | B12: 857.60872 | C12: 9589.3184 | D12: 525.38881 | E12: 10972.316 | F12: -0.043016892
A13: Credito e cauzione | B13: 417.00963 | C13: 990.13048 | D13: 78.313773 | E13: 1485.4539 | F13: -0.04443059
A14: Tutela giudiziaria | B14: 63.752767 | C14: 433.24021 | D14: 21.893293 | E14: 518.88627 | F14: 0.014026113
A15: Assistenza | B15: 146.41939 | C15: 153.71602 | D15: 15.651827 | E15: 315.78724 | F15: 0.10218717
A16: Perdite pecuniarie di vario genere | B16: 537.17413 | C16: 312.59356 | D16: 49.059892 | E16: 898.82758 | F16: 0.093693373
A17: Totale | B17: 12039.812 | C17: 37956.285 | D17: 2092.6247 | E17: 52088.633 | F17: 0.0016037365

Sheet Tavola 7
A1: Tavola 7 - Requisiti patrimoniali
A2: (milioni di euro)
B3: 43281 | C3: 43373 | D3: 43465 | E3: 43555 | F3: 43646
A4: SCR | B4: 55166 | C4: 56168.996 | D4: 55130.288 | E4: 57373.726 | F4: 56544.141
A5: MCR | B5: 20751 | C5: 20955.532 | D5: 20506.145 | E5: 21341.007 | F5: 21051.253
A6: Fondi propri ammissibili a copertura dell'SCR | B6: 124383 | C6: 124472.34 | D6: 122175.6 | E6: 122072.79 | F6: 123500.64

Sheet Tavola 8
A1: Tavola 8 - Fondi propri ammissibili a copertura del requisito patrimoniale di solvibilità (SCR)
A2: (milioni di euro e valori percentuali)
B3: Tier 1 - illimitati | D3: Tier 1 - limitati | F3: Tier 2 | H3: Tier 3 | J3: Totale
B4: SCR | C4: % totale | D4: SCR | E4: % totale | F4: SCR | G4: % totale | H4: SCR | I4: % totale
A5: 43281 | B5: 104683 | C5: 0.84 | D5: 7014 | E5: 0.06 | F5: 11542 | G5: 0.09 | H5: 887 | I5: 0.01 | J5: 124125
A6: 43373 | B6: 105480.59 | C6: =+B6/J6 -> 0.84742189 | D6: 6971.7073 | E6: =+D6/J6 -> 0.05601009 | F6: 11182.548 | G6: =+F6/J6 -> 0.089839616 | H6: 837.49987 | I6: =+H6/J6 -> 0.0067284012 | J6: =SUM(B6+D6+F6+H6) -> 124472.34
A7: 43465 | B7: 103267.47 | C7: =+B7/J7 -> 0.84523814 | D7: 6609.5155 | E7: =+D7/J7 -> 0.054098491 | F7: 11387.508 | G7: =+F7/J7 -> 0.093206079 | H7: 911.09936 | I7: =+H7/J7 -> 0.0074572941 | J7: =SUM(B7+D7+F7+H7) -> 122175.6
A8: 43555 | B8: 101938.84 | C8: =+B8/J8 -> 0.83506605 | D8: 5960.1284 | E8: =+D8/J8 -> 0.048824381 | F8: 13212.309 | G8: =+F8/J8 -> 0.10823303 | H8: 961.51018 | I8: =+H8/J8 -> 0.0078765315 | J8: =SUM(B8+D8+F8+H8) -> 122072.79
A9: 43646 | B9: 103306.07 | C9: =+B9/J9 -> 0.83648208 | D9: 6001.5465 | E9: =+D9/J9 -> 0.048595267 | F9: 12974.875 | G9: =+F9/J9 -> 0.10505917 | H9: 1218.1463 | I9: =+H9/J9 -> 0.0098634819 | J9: =SUM(B9+D9+F9+H9) -> 123500.64

Sheet Tavola 9
A1: Tavola 9 - Riserva di riconciliazione e EPIFP
A2: (milioni di euro)
B3: 43281 | C3: 43373 | D3: 43465 | E3: 43555 | F3: 43646
A4: Eccesso attivo su passivo (A) | B4: 105522 | C4: 107474.94 | D4: 109193.86 | E4: 108381.35 | F4: 105702.42
A5: Azioni proprie (B) | B5: 154 | C5: 162.9692 | D5: 162.30705 | E5: 198.0736 | F5: 181.5058
A6: Dividendi, distribuzioni e spese prevedibili (B) | B6: 410 | C6: 631.10795 | D6: 4511.2838 | E6: 4626.6346 | F6: 457.2067
A7: Altri elementi dei fondi propri (B) | B7: 35038 | C7: 35257.752 | D7: 35457.285 | E7: 35837.557 | F7: 35186.605
A8: Rettifica per le voci di fondi propri soggetti a restrizioni in relazione al matching portfolio e ai ring fenced funds (B) | B8: 24 | C8: 19.659713 | D8: 47.580089 | E8: 88.126645 | F8: 50.624016
A9: Riserva di riconciliazione (A) - (B) | B9: 69896 | C9: 71403.452 | D9: 69015.401 | E9: 67630.956 | F9: 69826.482
A10: di cui Expected profits included in future premiums (EPIFP) - comparto vita | B10: 9008 | C10: 10233.445 | D10: 11691.147 | E10: 10393.022 | F10: 10018.761
A11: Expected profits included in future premiums (EPIFP) - comparto danni | B11: 435 | C11: 605.00659 | D11: 641.05773 | E11: 648.79058 | F11: 631.05406
A12: Expected profits included in future premiums (EPIFP) – Totale | B12: 9443 | C12: 10838.451 | D12: 12332.205 | E12: 11041.813 | F12: 10649.815
A13: Riserva di riconciliazione/Tier 1 | B13: 0.62576434 | C13: 0.63496659 | D13: 0.62811514 | E13: 0.6267989 | F13: 0.6388071
A14: Totale EPIFP/Riserva di riconciliazione | B14: 0.1351 | C14: =+C12/C9 -> 0.1517917 | D14: =+D12/D9 -> 0.17868772 | E14: =+E12/E9 -> 0.16326566 | F14: =+F12/F9 -> 0.15251828

Sheet Tavola 10
A1: Tavola 10 - Solvibilità dei gruppi assicurativi
A2: (milioni di euro e rapporti in percentuale)
B3: 43281 | C3: 43373 | D3: 43465 | E3: 43555 | F3: 43646
A4: SCR di gruppo consolidato | B4: 39131.971 | C4: 39095 | D4: 39428.242 | E4: 37631 | F4: 36997.196
A5: SCR di gruppo consolidato minimo | B5: 25547.053 | C5: 25308 | D5: 24583.945 | E5: 23541 | F5: 22703.749
A6: Rapporto tra fondi propri ammissibili e SCR di gruppo consolidato (esclusi altri settori finanziari e le imprese incluse via D&A – deduzioni e aggregazioni) | B6: 189.05869 | C6: 188.3 | D6: 196.92972 | E6: 193 | F6: 195.99203
A7: Rapporto tra fondi propri ammissibili e SCR di gruppo consolidato minimo | B7: 268.05288 | C7: 270.7 | D7: 293.82092 | E7: 278.1 | F7: 287.4635
